Map: 强酸工厂 - 天梯版

Players

Snute - Winner!

  • Race: Zerg Zerg
  • Spawn Location: 5:00

iAsonu

  • Race: Zerg Zerg
  • Spawn Location: 11:00

Event: WCS Valencia 2018

VOD

Have the link to the VOD?

Description

Time

  • Played on: July 12, 2018, 2:52 p.m.
  • Length: 10:45

All games in this series

Show
View Real Time Build Order
Export as new Build Order

Snute Zerg - Winner!

Build Orders: Hatch First 

Get SALT Encoding   

  12  0:00  Drone  
  13  0:12  Overlord  
  13  0:17  Drone  
  14  0:30  Drone x2  
  14  0:34  Drone  
  17  0:50  Hatchery  
  17  0:53  Drone  
  17  0:57  Drone  
  18  1:00  Extractor  
  17  1:12  Spawning Pool  
  17  1:15  Drone  
  18  1:18  Drone  
  18  1:27  Drone  
  19  1:38  Overlord  
  19  1:49  Drone  
  20  1:59  Queen  
  20  2:00  Drone  
  20  2:01  Metabolic Boost  
  23  2:02  Queen  
  23  2:06  Drone  
  26  2:10  Drone  
  26  2:13  Drone  
  28  2:21  Drone  
  29  2:24  Zergling x2  
  30  2:32  Zergling x2  
  30  2:36  Hatchery  
  30  2:37  Zergling x2  
  30  2:42  Overlord  
  31  2:47  Drone  
  32  2:54  Drone  
  32  2:56  Baneling Nest, Drone  
  33  3:04  Drone  
  34  3:06  Drone x2  
  34  3:07  Drone x2  
  34  3:11  Overlord  
  34  3:12  Zergling x2  
  39  3:15  Zergling x2  
  40  3:20  Overlord  
  40  3:22  Zergling x2  
  41  3:28  Zergling x2  
  41  3:31  Zergling x2  
  41  3:33  Queen  
  45  3:40  Baneling x3  
  44  3:43  Zergling x4  
  44  3:46  Zergling x2  
  44  3:47  Zergling x8  
  51  3:49  Baneling  
  51  3:54  Zergling x6  
  53  4:01  Drone  
  54  4:03  Drone x2  
  54  4:07  Drone  
  56  4:11  Drone  
  56  4:12  Drone  
  56  4:16  Extractor  
  56  4:17  Drone x4, Roach Warren  
  56  4:18  Drone  
  56  4:23  Drone  
  61  4:27  Spine Crawler  
  59  4:34  Spine Crawler  
  59  4:36  Spine Crawler  
  59  4:37  Drone x3  
  60  4:39  Drone  
  60  4:42  Drone x2  
  60  4:43  Overlord  
  65  4:52  Evolution Chamber  
  65  4:53  Overlord, Extractor  
  65  4:55  Extractor  
  65  4:56  Drone  
  65  4:57  Drone x2  
  65  5:03  Drone x2  
  65  5:06  Spine Crawler, Roach  
  66  5:10  Overlord  
  66  5:12  Roach  
  66  5:13  Roach  
  69  5:15  Roach  
  69  5:20  Roach x2  
  69  5:21  Roach x2  
  78  5:26  Overlord  
  78  5:27  Roach  
  80  5:28  Ravager  
  80  5:30  Roach  
  80  5:31  Roach  
  80  5:34  Roach  
  87  5:38  Roach  
  89  5:44  Overlord  
  89  5:48  Roach  
  89  5:49  Roach x3  
  93  5:56  Roach x3  
  96  6:03  Zerg Missile Weapons Level 1  
  96  6:04  Roach x2  
  99  6:07  Roach x2  
  99  6:09  Roach  
  105  6:13  Overlord  
  105  6:15  Overlord  
  105  6:19  Lair  
  105  6:25  Overlord  
  105  6:31  Overlord  
  105  6:33  Drone x5  
  105  6:37  Drone x2  
  105  6:38  Drone  
  105  6:39  Drone  
  114  6:41  Drone  
  114  6:42  Drone  
  115  6:47  Drone  
  115  6:49  Drone x3  
  115  6:50  Drone  
  115  6:52  Ravager x3  
  115  6:53  Ravager  
  124  6:56  Drone x3  
  124  6:59  Overlord  
  127  7:04  Roach x3  
  133  7:12  Roach x2  
  133  7:14  Overlord  
  137  7:16  Glial Reconstitution  
  137  7:18  Extractor  
  137  7:20  Overseer  
  136  7:23  Roach x4  
  136  7:24  Roach  
  146  7:31  Overlord x2  
  146  7:38  Overlord  
  146  7:41  Overlord  
  146  7:42  Overlord  
  146  7:45  Roach  
  146  7:46  Roach x2  
  146  7:47  Hatchery  
  146  7:49  Roach x2  
  159  7:51  Roach x2  
  159  7:56  Roach x3  
  165  7:59  Zerg Missile Weapons Level 2  
  165  8:01  Overseer  
  165  8:06  Roach x3  
  165  8:11  Roach x3  
  177  8:15  Drone  
  177  8:18  Roach x4  
  186  8:22  Overlord  
  186  8:25  Roach x2  
  186  8:26  Roach  
  192  8:33  Overlord  
  192  8:34  Roach  
  192  8:40  Unknown  
  194  8:41  Roach  
  194  8:42  Roach x2  
  194  8:45  Unknown  
  200  8:58  Spore Crawler  
  200  8:59  Spore Crawler  
  200  9:01  Queen x3  
  198  9:04  Spore Crawler  
  198  9:06  Hydralisk Den  
  198  9:09  Drone x10  
  198  9:21  Roach x5  
  198  9:22  Roach  
  194  9:28  Roach x6  
  188  9:34  Hydralisk x2  
  188  9:35  Hydralisk  
  176  9:40  Hydralisk x2  
  163  9:48  Hydralisk x4  
  165  9:55  Hydralisk  
  165  9:59  Roach  
  137  10:08  Roach x3  
  135  10:17  Roach x3  
  141  10:21  Roach  
  141  10:22  Spore Crawler, Roach  
  141  10:25  Drone, Roach  
  141  10:26  Drone x3  
  141  10:28  Extractor  
Show
View Real Time Build Order
Export as new Build Order

iAsonu Zerg 

Build Orders: Hatch First 

Get SALT Encoding   

  12  0:01  Drone  
  13  0:12  Overlord  
  13  0:17  Drone  
  14  0:30  Drone x2  
  14  0:34  Drone  
  17  0:51  Hatchery  
  17  0:54  Drone  
  17  0:57  Drone  
  17  1:00  Extractor  
  17  1:12  Spawning Pool  
  17  1:16  Drone  
  17  1:19  Drone  
  18  1:28  Drone  
  19  1:39  Overlord  
  19  1:49  Drone  
  20  1:59  Queen  
  20  2:01  Drone  
  23  2:03  Metabolic Boost  
  23  2:04  Drone  
  23  2:07  Queen  
  26  2:11  Drone  
  26  2:14  Drone  
  28  2:21  Drone  
  29  2:24  Drone  
  30  2:32  Zergling x2  
  30  2:36  Zergling x2  
  32  2:41  Hatchery  
  31  2:46  Zergling x4  
  33  2:53  Overlord  
  33  3:01  Zergling x2  
  34  3:06  Zergling x2  
  35  3:13  Zergling x2  
  35  3:14  Zergling x6  
  35  3:16  Zergling x2  
  35  3:17  Zergling x4  
  42  3:20  Roach Warren  
  42  3:21  Drone  
  42  3:23  Drone  
  43  3:31  Overlord  
  43  3:36  Drone  
  42  4:00  Roach  
  42  4:01  Roach x6  
  54  4:07  Overlord  
  54  4:08  Roach x2  
  53  4:13  Roach x2  
  57  4:20  Overlord  
  57  4:25  Overlord  
  57  4:28  Drone x3  
  60  4:35  Roach x2  
  64  4:40  Roach  
  64  4:45  Roach  
  68  4:47  Roach  
  68  4:51  Roach  
  72  4:56  Roach x2  
  76  5:04  Roach  
  78  5:15  Zergling x6  
  78  5:17  Overlord x2  
  81  5:23  Overlord  
  81  5:25  Overlord  
  81  5:29  Overlord  
  81  5:36  Zergling x14  
  81  5:53  Drone x7  
  81  5:54  Drone  
  81  5:55  Drone  
  82  5:59  Drone x2  
  82  6:00  Drone  
  83  6:05  Lair  
  83  6:09  Drone x2  
  85  6:12  Extractor  
  85  6:15  Extractor  
  85  6:16  Queen  
  85  6:19  Drone x2  
  85  6:24  Drone x4  
  91  6:26  Drone  
  91  6:29  Extractor  
  91  6:30  Drone  
  92  6:34  Overlord  
  92  6:36  Drone  
  92  6:37  Drone x2  
  95  6:42  Overlord  
  95  6:44  Extractor  
  95  6:45  Extractor  
  93  6:48  Drone  
  93  6:50  Overlord  
  94  6:55  Overlord, Drone x2  
  94  7:00  Drone  
  94  7:01  Drone x2  
  99  7:03  Glial Reconstitution  
  99  7:04  Spire  
  99  7:06  Overlord  
  96  7:09  Roach  
  96  7:13  Roach x2  
  102  7:16  Roach x2  
  102  7:18  Overseer  
  106  7:22  Overlord  
  106  7:23  Overlord  
  106  7:25  Roach  
  106  7:27  Roach  
  110  7:34  Roach x3  
  116  7:39  Unknown  
  116  7:40  Overlord  
  116  7:57  Overlord  
  116  8:06  Evolution Chamber  
  115  8:17  Mutalisk x8  
  131  8:20  Mutalisk  
  131  8:26  Mutalisk  
  133  8:35  Drone x2  
  133  8:36  Drone x2  
  133  8:37  Roach x2  
  141  8:43  Overlord, Hydralisk Den, Hatchery  
  139  8:50  Roach x5  
  149  9:02  Roach x5  
  155  9:13  Roach x6  
  153  9:21  Roach x2  
  153  9:22  Roach x3  
  154  9:27  Roach x3  
  134  9:32  Roach  
  134  9:33  Roach  
  134  9:36  Roach  
  121  9:40  Roach  
  111  9:46  Lurker Den  
  106  9:52  Roach  
  106  9:53  Roach x2  
  102  10:04  Drone x2  
  98  10:13  Drone  
  98  10:14  Drone x3  
  104  10:17  Overseer  
  104  10:18  Hydralisk  
  106  10:24  Extractor  
Tags
 
Add a new tag
Caveats
  • Supply blocks, unpowered buildings, or Contaminate may cause inaccurate times.
  • Supply counts are checked every 10 seconds.